 Dungeon Crawl Stone Soup version 0.28-a0-1412-gf95308ed99 (webtiles) character file.

Game seed: 7803307676174647588

4212 horus123 the Thaumaturge (level 10, -4/50 HPs)
             Began as a Deep Elf Conjurer on Jan 6, 2022.
             Was a Believer of Vehumet.
             Slain by an orc knight (38 damage)
             ... in a bailey on Jan 7, 2022.
             The game lasted 00:27:07 (9771 turns).

horus123 the Thaumaturge (Deep Elf Conjurer)        Turns: 9771, Time: 00:27:08

Health: -4/50      AC: 10    Str: 13    XL:     10   Next: 9%
Magic:  18/24      EV: 12    Int: 28    God:    Vehumet [**....]
Gold:   381        SH:  5    Dex: 10    Spells: 2/25 levels left

rFire   + + .      SeeInvis .   v - +0 short sword (venom)
rCold   . . .      Faith    .   G - orb {mayhem}
rNeg    . . .      Spirit   .   C - +0 robe of Qije {rF+ Str+3 Dex-3 Stlth+}
rPois   .          Reflect  +   r - +0 helmet
rElec   .          Harm     .   x - +2 cloak
rCorr   .          Rampage  ∞   (no gloves)
Will    +....                   H - +3 pair of seven-league boots {Rampage+∞}
Stlth   +++.......              g - amulet of reflection
HPRegen 0.16/turn               s - +6 ring of strength
MPRegen 0.19/turn               u - ring of protection from fire

@: no status effects
A: no striking features
a: Renounce Religion


You were in a bailey.
You worshipped Vehumet.
Vehumet was pleased with you.
You visited 2 branches of the dungeon, and saw 8 of its levels.
You also visited: Sewer and Bailey.

You collected 381 gold pieces.

Inventory:

Hand Weapons
 v - a +0 short sword of venom (weapon)
 y - a +1 shortbow of flaming
Missiles
 A - 17 arrows
Armour
 a - a +0 robe
 l - a +2 pair of boots
 p - the +3 warlock's mirror {reflect}
   (You found it on level 6 of the Dungeon)

   It can block and reflect piercing ranged attacks and magical attacks against
   the wielder's willpower.
 r - a +0 helmet (worn)
 x - a +2 cloak (worn)
 C - the +0 robe of Qije (worn) {rF+ Str+3 Dex-3 Stlth+}
   (You found it in a bailey)

   Str:       It affects your strength (+3).
   Dex:       It affects your dexterity (-3).
   rF:        It protects you from fire.
   Stlth:     It makes you more stealthy.
 G - an orb of mayhem (worn)
 H - the +3 pair of seven-league boots (worn) {Rampage+∞}
   (You acquired it in a bailey)

   Its wearer moves as far as possible in that direction when moving towards
   enemies.
Jewellery
 g - an amulet of reflection (around neck)
 s - a +6 ring of strength (left hand)
 u - a ring of protection from fire (right hand)
Wands
 j - a wand of mindburst (5)
 w - a wand of flame (1)
 B - a wand of acid (13)
Scrolls
 d - 3 scrolls of vulnerability
 e - a scroll of magic mapping
 m - 4 scrolls of teleportation
 n - a scroll of summoning
 o - 2 scrolls of identify
 D - a scroll of enchant weapon {unknown}
Potions
 b - 2 potions of lignification
 c - a potion of heal wounds
 f - 3 potions of attraction
 h - a potion of haste {unknown}
 i - a potion of berserk rage {unknown}
 k - 2 potions of might
 q - 2 potions of resistance {unknown}
 t - 3 potions of curing {unknown}
 z - a potion of magic {unknown}
 E - a potion of cancellation {unknown}
 F - a potion of invisibility {unknown}


   Skills:
 - Level 4.0 Short Blades
 - Level 7.6 Bows
 - Level 2.4 Dodging
 - Level 2.4 Stealth
 - Level 8.3 Spellcasting
 - Level 7.0 Conjurations
 - Level 4.3 Hexes
 + Level 4.1 Fire Magic
 - Level 6.1 Poison Magic
 - Level 6.7 Evocations


You had 2 spell levels left.
You knew the following spells:

 Your Spells              Type           Power      Damage    Failure   Level
a - Magic Dart            Conj           100%       1d8       1%          1
b - Searing Ray           Conj           100%       2d8       1%          2
c - Dazzling Flash        Conj/Hex       86%        N/A       1%          3
d - Fulminant Prism       Conj/Hex       21%        3d13      4%          4
e - Olgreb's Toxic Radia  Pois           46%        N/A       3%          4
f - Poisonous Vapours     Pois/Air       56%        N/A       1%          2
g - Sticky Flame          Conj/Fire      43%        2d6       4%          4
h - Ignite Poison         Fire/Tmut/Pois 30%        N/A       3%          3

Your spell library contained the following spells:

 Spells                   Type           Power      Damage    Failure   Level
 Shock                    Conj/Air       100%       1d9       1%          1
 Slow                     Hex            100%       N/A       1%          1
 Sting                    Tmut/Pois      100%       1d8       1%          1
 Conjure Flame            Conj/Fire      43%        6-21      1%          3
 Confusing Touch          Hex            35%        N/A       2%          3
 Iskenderun's Mystic Bla  Conj/Tloc      31%        2d8       11%         4
 Vampiric Draining        Necr           11%        2d6       14%         3


Dungeon Overview and Level Annotations

Branches:
Dungeon (7/15)             Temple (1/1) D:4           Sewer (visited)
 Bailey (1/1)

Altars:
Ashenzari
Cheibriados
Dithmenos
Elyvilon
Fedhas
Gozag
Hepliaklqana
Kikubaaqudgha
Makhleb
Nemelex Xobeh
Okawaru
Qazlal
Ru
Sif Muna
Trog
Uskayaw
Vehumet
Xom
Yredelemnul
Zin
The Shining One

Shops:
D:4 [


Message History

a +0 hand axe; a +0 leather armour; a goblin corpse
Things that are here:
a +0 battleaxe; a +0 ring mail; an orc corpse
Things that are here:
a +0 war axe; a +0 chain mail; an orc corpse
There is an open door here.
Things that are here:
a +0 hand axe; a +0 leather armour
There is an open door here.
You open the door.
An orc, an orc warrior and an orc knight come into view.
Casting: Ignite Poison (dangerous; 3% risk of failure)
Confirm with . or Enter, or press ? or * to list all spells.
You begin to radiate toxic energy.
The orc knight is poisoned.
The orc warrior shouts!
The orc warrior is poisoned.
The orc shouts!
The orc is poisoned.
The orc knight looks even sicker.
The orc warrior looks even sicker.
The orc looks even sicker.
Casting: Olgreb's Toxic Radiance (dangerous; 3% risk of failure)
Confirm with . or Enter, or press ? or * to list all spells.
You ignite the poison in your surroundings!
The orc knight seems to burn from within!!
The orc knight is heavily wounded.
The orc warrior seems to burn from within!!!
You kill the orc warrior!
Vehumet accepts your kill.
The orc knight flies into a frenzy!
The orc seems to burn from within!!
You kill the orc!
Vehumet accepts your kill.
You feel your power returning.
The orc knight is poisoned.
Your toxic aura wanes.
The orc knight hits you with a +0 war axe!!!
Ouch! That really hurt!
* * * LOW HITPOINT WARNING * * *
Your Fire Magic skill increases to level 4!
You feel much better.
The orc knight hits you with a +0 war axe!!!
Ouch! That really hurt!
You die...

≈≈≈≈≈≈≈≈≈≈≈≈
≈≈≈≈≈≈≈≈≈≈≈≈≈≈≈≈≈≈≈≈≈≈≈
≈≈≈≈≈≈≈≈≈≈≈≈≈≈≈≈≈≈≈≈≈≈≈
≈≈≈≈≈≈≈≈≈≈≈≈≈≈≈≈≈≈≈≈≈≈≈
≈≈≈≈≈≈≈≈≈≈≈≈≈≈≈≈≈≈≈≈≈≈≈
≈≈≈≈≈≈≈≈≈≈≈≈≈≈≈≈≈≈≈≈≈≈
≈≈≈≈≈≈≈≈≈≈≈≈≈≈≈≈≈≈≈≈≈
####≈≈≈≈≈≈≈≈≈≈≈≈≈#### #≈≈≈≈≈#
#..'............@o..# #≈≈≈≈≈#
#..###############..# #≈≈≈≈≈#
...))))).#.).....# )).#≈≈≈≈≈#
...#)).).')8.8.8.# ..#≈≈≈≈≈#
##############...######≈≈≈≈≈#
#..'.#))'....#......#.≈≈≈≈≈≈#
#..#.#))#....#......#.≈≈≈≈≈.#####
#..#.'..#....#####++#.≈≈≈≈≈......
#########....##.....#.≈≈≈≈≈......


You could see a neutral orc knight (fast, strong, insane, poisoned).

Vanquished Creatures
  2 orc sorcerers (Bailey)
  A troll (D:7)
  Grinder (D:4)
  A water moccasin (D:6)
  Pargi (Sewer)
  An ice beast (D:5)
  8 orc warriors (Bailey)
  A black bear (D:4)
  A necrophage (D:5)
  A sky beast (D:6)
  A centaur (D:6)
  An ogre (D:6)
  A phantom (D:5)
  A gnoll sergeant (D:7)
  2 scorpions (D:5)
  A wyvern skeleton (D:6)
  A jelly (D:4)
  A howler monkey (D:6)
  An electric eel (Bailey)
  A hound (D:4)
  3 orc priests (D:4)
  Crazy Yiuf (D:6)
  2 bullfrog skeletons
  2 iguanas
  Natasha (thrice) (D:4)
  6 orc wizards
  Robin (D:2)
  6 gnolls
  14 adders
  A white imp (D:6)
  An ufetubus (D:6)
  An adder skeleton (D:4)
  2 worms (D:2)
  3 dart slugs
  32 orcs
  9 endoplasms
  2 giant cockroaches
  13 hobgoblins
  2 jackals (D:5)
  6 quokkas
  6 ball pythons
  7 bats
  5 frilled lizards
  21 goblins
  8 kobolds
  6 rats
192 creatures vanquished.

Vanquished Creatures (collateral kills)
  2 orcs (Bailey)
2 creatures vanquished.

Vanquished Creatures (others)
  An orc knight (Bailey)
  2 fulminant prisms
3 creatures vanquished.

Grand Total: 197 creatures vanquished

Notes
Turn   | Place    | Note
-------+----------+-------------------------------------------
     0 | D:1      | horus123 the Deep Elf Conjurer began the quest for the Orb.
     0 | D:1      | Reached XP level 1. HP: 10/10 MP: 6/6
   363 | D:1      | Reached skill level 4 in Spellcasting
   363 | D:1      | Reached XP level 2. HP: 15/15 MP: 5/9
   367 | D:1      | Learned a level 2 spell: Searing Ray
  1211 | D:2      | Reached skill level 5 in Conjurations
  1211 | D:2      | Reached XP level 3. HP: 19/19 MP: 3/10
  1215 | D:2      | Learned a level 3 spell: Dazzling Flash
  1273 | D:2      | Found a bloodstained altar of Trog.
  1291 | D:2      | Noticed Robin
  1295 | D:2      | Reached skill level 1 in Hexes
  1427 | D:2      | Killed Robin
  1497 | D:2      | Reached XP level 4. HP: 24/24 MP: 9/12
  1724 | D:2      | Learned a level 4 spell: Fulminant Prism
  1973 | D:2      | Found a faded altar of an unknown god.
  3243 | D:3      | Reached skill level 1 in Evocations
  3243 | D:3      | Reached XP level 5. HP: 28/28 MP: 10/13
  3906 | D:4      | Noticed a black bear
  3912 | D:4      | Killed a black bear
  3916 | D:4      | Reached XP level 6. HP: 30/32 MP: 2/14
  3947 | D:4      | Noticed Natasha
  3948 | D:4      | Killed Natasha
  4257 | D:4      | Reached skill level 5 in Evocations
  4286 | D:4      | Noticed Grinder
  4296 | D:4      | Killed Grinder
  4297 | D:4      | Reached XP level 7. HP: 8/36 MP: 1/15
  4576 | D:4      | Found Zesefeh's Antique Armour Emporium.
  4638 | D:4      | Noticed Natasha
  4640 | D:4      | Killed Natasha
  4913 | D:4      | Found a staircase to the Ecumenical Temple.
  4966 | Temple   | Entered the Ecumenical Temple
  5154 | Temple   | Became a worshipper of Vehumet
  5267 | D:4      | Noticed Natasha
  5278 | D:4      | Killed Natasha
  5536 | D:5      | Entered Level 5 of the Dungeon
  5770 | D:5      | Reached XP level 8. HP: 33/41 MP: 4/17
  5879 | D:5      | Learned a level 4 spell: Olgreb's Toxic Radiance
  5922 | D:5      | Reached skill level 5 in Spellcasting
  6054 | D:5      | Reached skill level 1 in Poison Magic
  6260 | D:5      | Reached * piety under Vehumet
  6260 | D:5      | Offered knowledge of Sandblast by Vehumet.
  6429 | D:5      | Found a basalt altar of Yredelemnul.
  6870 | D:6      | Learned a level 2 spell: Poisonous Vapours
  6900 | D:6      | Reached skill level 5 in Poison Magic
  6993 | D:6      | Found the +3 warlock's mirror {reflect}
  7139 | D:6      | Found a glowing drain.
  7155 | Sewer    | Entered a sewer
  7180 | Sewer    | Noticed Pargi
  7189 | Sewer    | Killed Pargi
  7660 | D:6      | Found a runed translucent door.
  7661 | D:6      | Noticed Crazy Yiuf
  7672 | D:6      | Killed Crazy Yiuf
  7673 | D:6      | Reached skill level 1 in Short Blades
  8340 | D:6      | Reached XP level 9. HP: 14/45 MP: 12/18
  8643 | D:7      | Noticed a troll
  8652 | D:7      | Killed a troll
  8727 | D:7      | Found a flagged portal.
  8881 | Bailey   | Entered a bailey
  8971 | Bailey   | Reached skill level 5 in Bows
  9134 | Bailey   | Noticed an orc sorcerer
  9137 | Bailey   | Killed an orc sorcerer
  9137 | Bailey   | Offered knowledge of Shock by Vehumet.
  9257 | Bailey   | Reached ** piety under Vehumet
  9314 | Bailey   | Found an iron altar of Okawaru.
  9314 | Bailey   | Noticed an orc sorcerer
  9315 | Bailey   | Killed an orc sorcerer
  9316 | Bailey   | Reached skill level 7 in Spellcasting
  9324 | Bailey   | Reached skill level 8 in Spellcasting
  9414 | Bailey   | Identified the +0 robe of Qije {rF+ Str+3 Dex-3 Stlth+}
  9453 | Bailey   | Learned a level 4 spell: Sticky Flame
  9457 | Bailey   | Learned a level 3 spell: Ignite Poison
  9537 | Bailey   | Noticed an orc knight
  9539 | Bailey   | Killed an orc knight
  9540 | Bailey   | Reached XP level 10. HP: 50/50 MP: 18/24
  9683 | Bailey   | Acquired the +3 pair of seven-league boots {Rampage+∞}
  9683 | Bailey   | Found the +3 pair of seven-league boots {Rampage+∞}
  9768 | Bailey   | Noticed an orc knight
  9771 | Bailey   | Slain by an orc knight

Illustrated notes

Levels and vault maps discovered:
D:1:      dpeg_arrival_radiant, layout_basic, minmay_misc_feat_chi
D:2:      layout_loops_ring, basic_altar, shapermc_ecumenical_altar_mp_vishouse,
          chequers_serial_rivers_small_a, grunt_decor_cap, uniq_robin
D:3:      layout_basic, chequers_serial_rivers_micro_d
D:4:      layout_loops_ring, minmay_temple_entry_drinking_statues, serial_shops,
          nicolae_shop_trees, grunt_decor_arrowhead, uniq_natasha, uniq_grinder
D:5:      layout_rooms, mainiacjoe_overflow_paths,
          minmay_fractal_squares_gapless_5
D:6:      layout_basic, portal_sewer_entry_f, hex_medium, grunt_ministairs_15,
          uniq_crazy_yiuf_cottage
D:7:      layout_gridville, enter_bailey_2
Temple:   mainiacjoe_temple_archimedes_tessellation
Bailey:   bailey_axe_of_yendor_kennysheep, bailey

Skill      XL: |  1  2  3  4  5  6  7  8  9 10 |
---------------+-------------------------------+-----
Spellcasting   | 4 5 8 |  8.3
Conjurations   | 5 7 |  7.0
Hexes          | 2 4 |  4.3
Evocations     | 1 4 6 |  6.7
Poison Magic   | 6 |  6.1
Short Blades   | 4 |  4.0
Bows           | 7 |  7.6
Fire Magic     | 2 4 |  4.1
Dodging        | |  2.4
Stealth        | |  2.4

Action                   |  1- 3 |  4- 6 |  7- 9 | 10-12 || total
-------------------------+-------+-------+-------+-------++-------
Melee: Short sword       |       |       |     4 |       ||     4
 Cast: Magic Dart        |    50 |    67 |   196 |     9 ||   322
       Searing Ray       |     5 |    12 |    31 |       ||    48
       Fulminant Prism   |       |       |     2 |       ||     2
       Dazzling Flash    |       |       |     2 |       ||     2
       Olgreb's Toxic Ra |       |       |     4 |     2 ||     6
       Ignite Poison     |       |       |     1 |     2 ||     3
Evoke: Wand              |       |     5 |    10 |       ||    15
  Use: Scroll            |     3 |     3 |     8 |     1 ||    15
       Potion            |       |       |       |     1 ||     1
Armor: Robe              |     1 |     2 |    21 |       ||    24
Dodge: Dodged            |    14 |    13 |    42 |     1 ||    70
Block: Other             |     5 |     4 |    16 |       ||    25
       Reflection        |     1 |       |     1 |       ||     2
       Buckler           |       |       |     6 |       ||     6

Table legend: (Time is in decaauts)
 A = Elapsed time spent in this place.
 B = Non-inter-level travel time spent in this place.
 C = Inter-level travel time spent in this place.
 D = Time resting spent in this place.
 E = Time spent auto-exploring this place.
 F = Levels seen in this place.
 G = Mean time per level.
                   A        B        C        D        E       F      G
               +--------+--------+--------+--------+--------+-----+--------+
         Total |   9777 |   9562 |    215 |   1090 |   7267 |  10 |  977.7 |
       Dungeon |   8409 |   8215 |    194 |    733 |   6569 |   7 | 1201.3 |
        Temple |    208 |    188 |     20 |      0 |    149 |   1 |  208.0 |
         Sewer |    268 |    268 |      0 |      0 |    234 |   1 |  268.0 |
        Bailey |    891 |    891 |      0 |    357 |    315 |   1 |  891.0 |
               +--------+--------+--------+--------+--------+-----+--------+

Top non-repeatable levels by time:
     D:4: 1637 daAuts
     D:6: 1565 daAuts
     D:1: 1295 daAuts
     D:5: 1261 daAuts
     D:3: 1202 daAuts
     D:2: 1195 daAuts
  Bailey: 891 daAuts
   Sewer: 268 daAuts
     D:7: 251 daAuts
  Temple: 208 daAuts
